 Dungeon Crawl Stone Soup version 0.30.1 (webtiles) character file.

Game seed: 620744267256289544

3285 Gorgoleon the Geomancer (level 10, 0/56 HPs)
             Began as a Gargoyle Earth Elementalist on July 14, 2023.
             Was a Follower of Vehumet.
             Slain by Harold
             ... wielding a +0 trident
              (14 damage)
             ... on level 9 of the Dungeon.
             The game lasted 00:42:12 (6910 turns).

Gorgoleon the Geomancer (GrEE)                      Turns: 6910, Time: 00:42:14

Health: 0/56       AC: 13    Str: 12    XL:     10   Next: 0%
Magic:  18/20      EV:  6    Int: 20    God:    Vehumet [*.....]
Gold:   397        SH:  0    Dex: 10    Spells: 8/23 levels left

rFire   + . .        A - +0 quarterstaff "Yramaawk" {flame, rF+}
rCold   . . .        (shield currently unavailable)
rNeg    + . .        l - +1 leather armour
rPois   ∞            (no helmet)
rElec   +            (no cloak)
rCorr   +            j - +0 pair of gloves
SInv    .            r - +0 pair of boots
Will    .....        i - amulet of magic regeneration
Stlth   ++           v - ring of resist corrosion
HPRegen 0.29/turn    (no ring)
MPRegen 0.57/turn

%: no passive effects
@: marked, held
A: sickness immunity, AC +7, negative energy resistance 1, electricity
resistance, torment resistance 1, petrification resistance
a: Renounce Religion


You were on level 9 of the Dungeon.
You worshipped Vehumet.
Vehumet was aware of your devotion.
You visited 2 branches of the dungeon, and saw 10 of its levels.
You also visited: Sewer.

You collected 531 gold pieces.
You spent 134 gold pieces at shops.

Inventory:

Hand Weapons
 A - the +0 quarterstaff "Yramaawk" (weapon) {flame, rF+}
   (You found it on level 4 of the Dungeon)

   rF:        It protects you from fire.
Armour
 b - +0 fire dragon scales
 j - a +0 pair of gloves (worn)
 l - a +1 leather armour (worn)
 r - a +0 pair of boots (worn)
Jewellery
 i - an amulet of magic regeneration (around neck)
 q - an amulet of regeneration
 v - a ring of resist corrosion (left hand)
 x - a ring of protection from cold
 C - a ring of protection from cold
Wands
 n - a wand of flame (23)
 p - a wand of polymorph (5)
 w - a wand of paralysis (6)
 E - a wand of iceblast (5)
 G - a wand of mindburst (6)
Scrolls
 d - 3 scrolls of poison
 k - 2 scrolls of amnesia
 m - a scroll of enchant armour
 t - 2 scrolls of blinking
 z - 4 scrolls of teleportation
 B - 5 scrolls of magic mapping
Potions
 a - a potion of magic
 c - 5 potions of might
 e - 5 potions of flight
 f - 4 potions of attraction
 g - 3 potions of cancellation
 h - 2 potions of haste
 o - 3 potions of curing
 s - 2 potions of mutation
 u - a potion of brilliance
 D - a potion of lignification


   Skills:
 + Level 3.5 Fighting
 + Level 4.1 Staves
 - Level 3.0 Armour
 + Level 2.3 Dodging
 - Level 2.1 Stealth
 + Level 7.3 Spellcasting
 + Level 4.0 Conjurations
 + Level 1.0 Transmutations
 + Level 10.1 Earth Magic
 + Level 2.1 Evocations


You had 8 spell levels left.
You knew the following spells:

 Your Spells              Type           Power      Damage    Failure   Level
a - Sandblast             Erth           94%        2d19      1%          1
b - Stone Arrow           Conj/Erth      70%        3d11      1%          3
c - Passwall              Tmut/Erth      24%        N/A       1%          2
d - Petrify               Tmut/Erth      29%        N/A       12%         4
e - Lee's Rapid Deconstr  Erth           23%        3d13*     4%          5

Your spell library contained the following spells:

 Spells                   Type           Power      Damage    Failure   Level
 Kiss of Death            Conj/Necr      60%        2d10      5%          1
 Beastly Appendage        Tmut           22%        N/A       8%          1
 Wereblood                Tmut           11%        N/A       12%         2
 Leda's Liquefaction      Hex/Erth       13%        N/A       14%         4
 Spider Form              Tmut/Pois      9%         N/A       28%         3
 Call Canine Familiar     Summ           7%         N/A       34%         3
 Portal Projectile        Hex/Tloc       14%        N/A       34%         3
 Volatile Blastmotes      Fire/Tloc      14%        2d11      34%         3
 Fulminant Prism          Conj/Hex       7%         3d7       45%         4
 Iskenderun's Mystic Bla  Conj/Tloc      15%        2d5       45%         4
 Olgreb's Toxic Radiance  Pois           7%         N/A       75%         4
 Discord                  Hex            3%         N/A       100%        8
 Ignition                 Fire           3%         3d4       100%        8


Dungeon Overview and Level Annotations

Branches:
Dungeon (9/15)             Temple (1/1) D:6           Sewer (visited)
   Lair: D:8-11         Orc: D:9-12

Altars:
Ashenzari
Cheibriados
Dithmenos
Elyvilon
Fedhas
Gozag
Hepliaklqana
Kikubaaqudgha
Makhleb
Nemelex Xobeh
Okawaru
Qazlal
Sif Muna
Trog
Vehumet
Yredelemnul
Zin
The Shining One

Shops:
D:1 !?!!:   D:3 !   D:7 :   D:8 ?

Annotations:
D:9 Harold


Innate Abilities, Weirdness & Mutations

You are immune to sickness and miasma.
Your stone body is resilient. (AC +7)
You are immune to poison.
You resist negative energy. (rN+)
You are resistant to electric shocks. (rElec)
You are resistant to unholy torment.
You are immune to petrification.


Message History

Harold is heavily wounded.
Harold points at you and mumbles some strange words.
A sentinel's mark forms upon you. Harold hits you but does no damage.
Casting: Sandblast (safe; 1% risk of failure)
Confirm with . or Enter, or press ? or * to list all spells.
Aiming: Sandblast (safe; 1% risk of failure)
Press: ? - help, Shift-Dir - straight line, f/p - Harold
Aim: Harold, wielding a +0 trident, wearing a +0 chain mail and quivering 4 throwing nets (heavily wounded, 93% to hit)
The blast of sand hits Harold!!
Harold is severely wounded.
Harold hits you from afar with a +0 trident!
Casting: Sandblast (safe; 1% risk of failure)
Confirm with . or Enter, or press ? or * to list all spells.
Aiming: Sandblast (safe; 1% risk of failure)
Press: ? - help, Shift-Dir - straight line, f/p - Harold
Aim: Harold, wielding a +0 trident, wearing a +0 chain mail and quivering 4 throwing nets (severely wounded, 93% to hit)
The blast of sand hits Harold.
Harold is almost dead.
Harold hits you from afar with a +0 trident!!
Harold hits you from afar with a +0 trident.
* * * LOW HITPOINT WARNING * * *
Casting: Sandblast (safe; 1% risk of failure)
Confirm with . or Enter, or press ? or * to list all spells.
Aiming: Sandblast (safe; 1% risk of failure)
Press: ? - help, Shift-Dir - straight line, f/p - Harold
Aim: Harold, wielding a +0 trident, wearing a +0 chain mail and quivering 4 throwing nets (almost dead, 93% to hit)
The blast of sand hits Harold but does no damage.
Harold is almost dead.
Harold hits you from afar with a +0 trident.
* * * LOW HITPOINT WARNING * * *
Casting: Sandblast (safe; 1% risk of failure)
Confirm with . or Enter, or press ? or * to list all spells.
Aiming: Sandblast (safe; 1% risk of failure)
Press: ? - help, Shift-Dir - straight line, f/p - Harold
Aim: Harold, wielding a +0 trident, wearing a +0 chain mail and quivering 4 throwing nets (almost dead, 93% to hit)
The blast of sand hits Harold.
Harold is almost dead.
Harold hits you from afar with a +0 trident!
You die...

#.# #. #.# . #..
#.# .####.##
######.# .....>#
#.>.)..# #....
#.###### #... #.#
#.###..#######.#
#......@.@.)...#
######..#########
........#
#######.#
####.### #..[...#
#.##@#.# # #.#.#
... .


You could see Harold.

Vanquished Creatures
  Pikel (D:5)
  A hornet (D:5)
  Edmund (D:6)
  A water moccasin (D:6)
  Duvessa (D:6)
  3 sky beasts
  2 ogres
  3 centaurs
  4 lemures (D:5)
  Blork the orc (D:5)
  A bullfrog (D:7)
  2 kobold brigands
  2 gnoll sergeants
  2 scorpions
  Dowan (D:6)
  3 killer bees
  A howler monkey (D:9)
  2 hounds (D:5)
  3 jellies (D:6)
  Crazy Yiuf (D:5)
  A gnoll bouda (D:8)
  3 orc priests
  2 sleepcaps (D:6)
  6 orc wizards
  6 iguanas
  13 gnolls
  4 adders
  4 river rats
  A shadow imp (D:7)
  An ufetubus (D:5)
  3 worms
  15 orcs
  4 endoplasms
  4 giant cockroaches
  4 goblins
  4 hobgoblins
  17 kobolds
  3 quokkas
  3 ball pythons
  6 bats
  2 frilled lizards (D:1)
  14 rats
156 creatures vanquished.

Notes
Turn   | Place    | Note
-------+----------+-------------------------------------------
     0 | D:1      | Gorgoleon the Gargoyle Earth Elementalist began the quest
                  | for the Orb.
     0 | D:1      | Reached XP level 1. HP: 10/10 MP: 3/3
    59 | D:1      | Found Keleusy's Distillery.
    82 | D:1      | Found Liwosyzo's Magic Scroll Emporium.
   117 | D:1      | Found a faded altar of an unknown god.
   244 | D:1      | Found Ykigh's Distillery.
   297 | D:1      | Found Xeumur's Book Shop.
   372 | D:1      | Reached skill level 4 in Earth Magic
   382 | D:1      | Reached XP level 2. HP: 13/15 MP: 5/5
   749 | D:1      | Found Utset's Distillery.
  1019 | D:2      | Reached XP level 3. HP: 19/19 MP: 6/6
  1755 | D:3      | Found Xuamos's Distillery.
  1764 | D:3      | Bought a potion of heal wounds for 50 gold pieces
  1973 | D:3      | Learned a level 3 spell: Stone Arrow
  1976 | D:3      | Learned a level 2 spell: Passwall
  2353 | D:4      | Noticed an ogre
  2353 | D:4      | Found a shadowy altar of Dithmenos.
  2357 | D:4      | Killed an ogre
  2358 | D:4      | Reached skill level 1 in Fighting
  2358 | D:4      | Reached skill level 1 in Armour
  2358 | D:4      | Reached skill level 5 in Earth Magic
  2358 | D:4      | Reached XP level 4. HP: 25/25 MP: 5/8
  2358 | D:4      | Reached XP level 5. HP: 29/29 MP: 5/9
  2552 | D:4      | Found a glowing golden altar of the Shining One.
  2558 | D:4      | Noticed a centaur
  2569 | D:4      | Killed a centaur
  2570 | D:4      | Reached skill level 6 in Earth Magic
  2570 | D:4      | Reached XP level 6. HP: 29/34 MP: 9/11
  2629 | D:4      | Learned a level 4 spell: Petrify
  2710 | D:4      | Found a glowing drain.
  2725 | Sewer    | Entered a sewer
  2841 | Sewer    | Found a white marble altar of Elyvilon.
  3020 | D:4      | Identified the +0 quarterstaff "Yramaawk" {flame, rF+}
  3056 | D:4      | Reached XP level 7. HP: 36/38 MP: 13/13
  3383 | D:5      | Entered Level 5 of the Dungeon
  3773 | D:5      | Reached skill level 5 in Spellcasting
  3773 | D:5      | Reached skill level 7 in Earth Magic
  3860 | D:5      | Noticed Pikel
  3948 | D:5      | Learned a level 5 spell: Lee's Rapid Deconstruction
  3963 | D:5      | Reached skill level 1 in Staves
  4014 | D:5      | Noticed a hornet
  4024 | D:5      | Killed a hornet
  4025 | D:5      | Reached skill level 8 in Earth Magic
  4025 | D:5      | Reached XP level 8. HP: 41/46 MP: 10/15
  4210 | D:5      | Killed Pikel
  4211 | D:5      | Reached skill level 1 in Transmutations
  4232 | D:5      | Found a runed translucent door.
  4233 | D:5      | Noticed Crazy Yiuf
  4238 | D:5      | Killed Crazy Yiuf
  4309 | D:5      | Noticed Blork the orc
  4315 | D:5      | Killed Blork the orc
  4371 | D:6      | Noticed Duvessa
  4377 | D:6      | Killed Duvessa
  4378 | D:6      | Reached XP level 9. HP: 50/50 MP: 15/17
  4378 | D:6      | Noticed Dowan
  4392 | D:6      | Killed Dowan
  4575 | D:6      | Reached skill level 9 in Earth Magic
  4655 | D:6      | Found a staircase to the Ecumenical Temple.
  4662 | Temple   | Entered the Ecumenical Temple
  4691 | Temple   | Became a worshipper of Vehumet
  5126 | D:6      | Noticed Edmund
  5138 | D:6      | Killed Edmund
  5270 | D:7      | Found Qitam's Self-Improvement Boutique.
  5290 | D:7      | Found a basalt altar of Yredelemnul.
  5494 | D:7      | Found a blossoming altar of Fedhas.
  6221 | D:8      | Found Miomic's Magic Scroll Boutique.
  6231 | D:8      | Bought a scroll of identify for 28 gold pieces
  6231 | D:8      | Bought a scroll of identify for 28 gold pieces
  6231 | D:8      | Bought a scroll of identify for 28 gold pieces
  6292 | D:8      | Found a bloodstained altar of Trog.
  6391 | D:8      | Reached * piety under Vehumet
  6391 | D:8      | Offered knowledge of Kiss of Death by Vehumet.
  6576 | D:8      | Reached skill level 10 in Earth Magic
  6585 | D:8      | Found an opulent altar of Gozag.
  6843 | D:9      | Found a white marble altar of Elyvilon.
  6887 | D:9      | Reached XP level 10. HP: 56/56 MP: 20/20
  6891 | D:9      | Noticed Harold
  6910 | D:9      | Slain by Harold

Illustrated notes

Levels and vault maps discovered:
D:1:      minmay_arrival_five_plusses, layout_loops_ring, serial_shops, shop,
          nicolae_shop_crystal, nicolae_lakefront_shop, shop, shop,
          shapermc_ecumenical_altar_mp_urbaneastern, grunt_decor_junction
D:2:      layout_rooms
D:3:      layout_loops_ring, serial_shops, nicolae_lakefront_shop,
          minmay_misc_feat_hallway, minmay_misc_feat_chi
D:4:      layout_basic, tso_metal_star,
          nicolae_dithmenos_through_a_glass_darkly, portal_sewer_entry_e
D:5:      layout_loops_ring, hangedman_abyss_or_decor_passed,
          uniq_crazy_yiuf_cottage, uniq_pikel, uniq_blork_the_orc
D:6:      layout_loops_ring, temple_green, uniq_duvessa, uniq_edmund
D:7:      layout_basic, mainiacjoe_overflow_brackets, lemuel_round_altar,
          nicolae_shop_self_help
D:8:      layout_cave_pools, lemuel_round_altar, nicolae_gozag_seed_capital,
          serial_shops, nicolae_shop_statue_plus
D:9:      layout_loops_corners, nicolae_uskayaw_dance_studio,
          nzn_wu_jian_contemplation, elyvilon_altar_1, uniq_harold
Temple:   hellmonk_temple_of_storms

Skill      XL: |  1  2  3  4  5  6  7  8  9 |
---------------+----------------------------+-----
Earth Magic    | 4 5 6 8 10 | 10.1
Fighting       | 1 3 |  3.5
Armour         | 1 2 3 |  3.0
Dodging        | 2 |  2.3
Spellcasting   | 3 4 5 7 |  7.3
Staves         | 2 3 4 |  4.1
Conjurations   | 4 |  4.0
Transmutations | 1 |  1.0
Evocations     | 2 |  2.1
Stealth        | |  2.1

Action                     |  1- 3 |  4- 6 |  7- 9 | 10-12 || total
---------------------------+-------+-------+-------+-------++-------
  Melee: Whip              |    57 |       |       |       ||    57
         Dagger            |    31 |    33 |     7 |       ||    71
         Punch             |     1 |       |       |       ||     1
         Quarterstaff      |       |       |    60 |       ||    60
   Cast: Sandblast         |    31 |    49 |   164 |     9 ||   253
         Stone Arrow       |       |       |     1 |       ||     1
  Evoke: Wand              |       |     4 |     6 |       ||    10
    Use: Potion            |     1 |       |     4 |       ||     5
         Scroll            |     7 |       |     9 |       ||    16
   Stab: Sleeping          |     4 |       |     1 |       ||     5
 Armour: Robe              |    34 |       |       |       ||    34
         Leather armour    |     3 |    29 |    76 |     1 ||   109
  Dodge: Dodged            |    76 |    46 |   104 |     2 ||   228
